 Dungeon Crawl Stone Soup version 0.17.0-26-gececa24 (webtiles) character file.

112750 inmateoo the Basher (level 16, -15/86 HPs)
             Began as a Vine Stalker Necromancer on Nov 19, 2015.
             Was the Champion of Ru.
             Demolished by an iron troll simulacrum (40 damage)
             ... in an ice cave.
             The game lasted 01:07:36 (27218 turns).

inmateoo the Basher (Vine Stalker Necromancer)     Turns: 27218, Time: 01:07:36

Health: -15/86     AC: 25    Str: 18    XL:     16   Next: 61%
Magic:  0/27       EV: 19    Int: 11    God:    Ru [******]
Gold:   1100       SH:  9    Dex: 19    Spells: 5 memorised, 8 levels left

rFire  . . .     SeeInvis .     z - +2 whip (elec)
rCold  . . .     Clarity  +     j - +3 ring mail {rN+}
rNeg   + . .     SustAt   .     B - +2 buckler
rPois  +         Gourm    .     o - +0 helmet
rElec  .         Spirit   +     r - +0 cloak
rCorr  +         Warding  .     b - +0 pair of gloves
rMut   .         Stasis   .     J - +5 pair of boots of the King of Wands {*Drain rCorr Str+9 Stlth-}
MR     +++..                    M - amulet of clarity
Stlth  ..........               (no ring)
                                K - ring of poison resistance

@: no potions, repel missiles, extremely resistant to hostile enchantments,
extremely unstealthy
A: fangs 3, iridescent scales 1, rough black scales 1, blurry vision 1, dopey 2,
magic resistance 1, regeneration 3, weak 2, magic shield, antimagic bite, no
device heal 3, rot immunity, inability to drink while threatened, no stealth,
hated by all, inability to train armour, no earth magic, no hexes magic, no
translocations magic
a: Draw Out Power, Power Leap, Apocalypse, Renounce Religion


You were in an ice cave.
You worshipped Ru.
Ru was exalted by your worship.
You were full.

You visited 4 branches of the dungeon, and saw 29 of its levels.
You also visited: Sewer and Ice Cave.

You collected 3203 gold pieces.
You spent 2103 gold pieces at shops.

Inventory:

Hand Weapons
 z - a +2 whip of electrocution (weapon)
Armour
 b - a +0 pair of gloves (worn)
 j - a +3 ring mail of positive energy (worn)
 o - a +0 helmet (worn)
 r - a +0 cloak (worn)
 B - a +2 buckler (worn)
 J - the +5 pair of boots of the King of Wands (worn) {*Drain rCorr Str+9 Stlth-}
   (You found it on level 8 of the Lair of Beasts)

   It affects your strength (+9).
   It protects you from acid and corrosion.
   It causes draining when unequipped.
   It makes you less stealthy.
Rods
 Q - a +0 rod of destruction (13/13)
   (You found it on level 8 of the Lair of Beasts)
Jewellery
 h - an uncursed ring of positive energy
 p - an uncursed ring of see invisible
 u - an uncursed ring of teleportation
 y - an uncursed ring of protection from fire
 K - a ring of poison resistance (left hand)
 M - an amulet of clarity (around neck)
Wands
 f - a wand of digging (3)
 q - a wand of disintegration (11)
 s - a wand of hasting (3)
 F - a wand of lightning (3)
 I - a wand of cold (4)
 U - a wand of fire (0)
 X - a wand of draining (3)
Scrolls
 a - 3 scrolls of enchant armour
 n - 4 scrolls of magic mapping
 w - 7 scrolls of teleportation
 x - a scroll of recharging
 A - 3 scrolls of fear
 D - 13 scrolls of remove curse
 G - 2 scrolls of blinking
 L - 6 scrolls of amnesia
 N - 8 scrolls of enchant weapon
 P - 2 scrolls of fog
 R - 3 scrolls of brand weapon
 Z - 11 scrolls of identify
Potions
 d - 3 potions of flight
 e - 3 potions of brilliance
 g - 2 potions of invisibility
 i - a potion of might
 m - 13 potions of curing
 v - 3 potions of haste
 C - 2 potions of magic
 E - 5 potions of berserk rage
 H - 4 potions of lignification
 O - a potion of cancellation
 S - 4 potions of agility
 V - 2 potions of resistance
Comestibles
 c - 15 bread rations
 k - 36 fruits
 l - 8 slices of pizza
 t - 10 meat rations
 Y - a beef jerky


   Skills:
 + Level 10.4 Fighting
   Level 0.5 Long Blades
 * Level 14.0 Maces & Flails
   Level 0.0 Armour
 + Level 11.3 Dodging
 - Level 9.4 Shields
 - Level 3.1 Unarmed Combat
 + Level 7.1 Spellcasting
 + Level 6.9 Charms
 - Level 6.5 Necromancy
 * Level 4.8 Air Magic
 - Level 3.1 Evocations


You had 8 spell levels left.
You knew the following spells:

 Your Spells              Type           Power        Failure   Level  Hunger
a - Pain                  Necr           ###.         2%          1    None
b - Regeneration          Chrm/Necr      ###.......   8%          3    ###....
c - Repel Missiles        Chrm/Air       ###...       4%          2    ##.....
d - Deflect Missiles      Chrm/Air       ###.......   100%        6    #######
e - Tornado               Air            ##........   100%        9    #######


Dungeon Overview and Level Annotations

Branches:
Dungeon (15/15)            Temple (0/1) D:5            Lair (8/8) D:11
  Swamp (2/4) Lair:5        Snake (0/4) Lair:3        Slime (0/6) Lair:7
    Orc (4/4) D:9             Elf (0/3) Orc:4        Vaults (0/5) D:13
 Depths (0/5) D:15

Altars:
Ashenzari
Fedhas
Gozag
Kikubaaqudgha
Makhleb
Nemelex Xobeh
Okawaru
Ru
Sif Muna
Trog
Vehumet
The Shining One
Beogh
Jiyva

Shops:
Orc:1 (   Orc:2 =   Orc:4 :%?[

Annotations:
D:9 George's ghost, novice GrFi
D:14 exclusion: 2 statues


Innate Abilities, Weirdness & Mutations

You have razor-sharp teeth.
You are very dopey. (Int -4)
You regenerate.
You are very weak. (Str -4)
When hurt, damage is shared between your health and your magic reserves.
Your bite disrupts and absorbs the magic of your enemies.
Potions and wands cannot restore your health.
You are immune to rotting.
You cannot drink potions while threatened.
You cannot be stealthy.
You are hated by all.
You cannot train Armour skill.
You cannot study or cast Earth magic.
You cannot study or cast Hexes magic.
You cannot study or cast Translocations magic.
You are partially covered in iridescent scales (AC +4).
You are partially covered in rough black scales (AC +4, Dex -1).
Scrolls take you a little longer to read.
You are resistant to hostile enchantments.


Message History

The iron troll simulacrum bites you. The iron troll simulacrum freezes you!!
The iron troll simulacrum misses you.
The iron troll simulacrum claws you but does no damage.
You hit the iron troll simulacrum but do no damage.
You bite the iron troll simulacrum, but do no damage.
You hit the iron troll simulacrum but do no damage.
You bite the iron troll simulacrum, but do no damage.
You hit the iron troll simulacrum.
There is a sudden explosion of sparks!
You bite the iron troll simulacrum, but do no damage.
You hit the iron troll simulacrum.
You bite the iron troll simulacrum, but do no damage.
The iron troll simulacrum bites you but does no damage.
The iron troll simulacrum claws you!
You feel threatened and lose the ability to drink potions!
The iron troll simulacrum freezes you!!!
You focus your will and illuminate the iron troll simulacrum in retribution!
The iron troll simulacrum claws you.
* * * LOW HITPOINT WARNING * * *
The iron troll simulacrum freezes you!!!
You die...

#.####...####.#
###43#...#33###
#34##'##34#
##+#...#+#
#...# ###...###
#.#...#.#
###'#...#'###
#.'......@Z.#
###.8...8.###
#.'.......+
###.8...8.#
#.'.......+
###.8...8.#
#.'.......+
######+####


You could see an iron troll simulacrum.

Vanquished Creatures
  A thorn hunter (Swamp:2)
  Kirke (Lair:6)
  A dire elephant (Lair:6)
  A fire dragon (Lair:8)
  7 vault guards (D:13)
  The ghost of lucasterio the Spear-Bearer, a journeyman MiBe of Trog (Lair:1)
  4 hydras
  Fannar (Orc:2)
  An ice dragon (Lair:5)
  Harold (Orc:2)
  2 catoblepae
  The ghost of Noname the Carver, a journeyman VSSk of Okawaru (Lair:1)
  2 centaur warriors
  2 alligators
  5 orc high priests (Orc:4)
  5 death yaks (Lair:8)
  The ghost of Medar the Destroyer, a novice TeWz of Zin (Lair:1)
  Sonja (Orc:2)
  4 skeletal warriors
  3 ice devils (IceCv)
  3 swamp dragons (Swamp:1)
  7 hill giants
  Pikel (D:7)
  A necromancer (D:15)
  A lindwurm (Lair:6)
  3 ugly things
  A wizard (D:15)
  3 manticores
  5 orc sorcerers
  4 cyclopes
  A wolf spider (Lair:8)
  2 griffons
  6 orc knights (Orc:4)
  9 black mambas
  Joseph (Lair:1)
  4 centaur zombies
  2 ice statues (IceCv)
  A torpor snail (Lair:4)
  2 centaur skeletons (D:15)
  A gargoyle (D:14)
  14 spiny frogs
  2 anaconda simulacra (IceCv)
  A guardian serpent (Lair:8)
  11 komodo dragons
  3 polar bears
  A blue devil (IceCv)
  2 trolls
  5 fire drakes
  12 slime creatures
  A two-headed ogre (D:12)
  A boulder beetle (Lair:8)
  18 blink frogs
  A trapdoor spider (D:15)
  A redback (Lair:8)
  3 deep elf magi
  6 wyverns
  10 basilisks
  The ghost of WildSam the Grave Robber, an amateur VSNe of Qazlal (D:4)
  3 wraiths (Orc:4)
  A vampire (D:12)
  Eustachio (D:5)
  4 humans
  A spriggan (shapeshifter) (D:15)
  76 yaks
  11 hippogriffs
  4 hogs
  Menkaure (D:5)
  2 hungry ghosts
  2 wargs
  4 mottled dragons
  12 vampire mosquitoes
  24 water moccasins
  6 swamp worms
  Edmund (D:3)
  3 insubstantial wisps (Swamp:1)
  2 steam dragons
  2 harpy simulacra (IceCv)
  A hydra simulacrum (IceCv)
  A naga (Lair:3)
  10 wolves
  12 porcupines
  4 slaves (D:7)
  9 swamp drakes
  3 black bears
  2 eyes of draining (D:9)
  10 ogres
  21 orc warriors
  A necrophage (D:6)
  2 phantoms
  7 sky beasts
  7 spiders (Lair:8)
  8 wasps
  27 crocodiles
  4 ice beasts
  28 centaurs
  2 big kobolds (D:11)
  2 wyvern zombies (D:6)
  24 giant frogs
  2 scorpions
  16 killer bees
  A wyvern skeleton (D:12)
  8 wights
  11 crimson imps
  8 electric eels
  4 jellies (D:15)
  4 quasits
  5 giant frog skeletons
  24 orc wizards
  9 iguanas
  29 orc priests
  Ijyb (D:2)
  6 hounds
  Natasha (thrice) (D:4)
  13 worker ants
  8 sheep
  2 hound skeletons (D:4)
  A worker ant zombie (D:5)
  2 gnolls
  84 river rats
  5 shadow imps
  20 adders
  3 white imps (Lair:5)
  6 oozes
  An adder zombie (D:7)
  11 worms
  4 giant geckos
  135 orcs
  6 ball pythons
  7 giant cockroaches
  5 goblins
  11 hobgoblins
  24 jackals
  5 quokkas
  19 bats
  A giant gecko skeleton (D:4)
  A giant gecko zombie (D:7)
  6 giant newts
  A jackal skeleton (D:7)
  19 kobolds
  11 rats
  A plant (Swamp:1)
1084 creatures vanquished.

Vanquished Creatures (others)
  Josephine (Orc:4)
  A vault guard (D:13)
  3 hydras
  A hippogriff (Lair:8)
  A hydra simulacrum (IceCv)
  A crocodile (Lair:8)
  A centaur (D:13)
  An orc warrior (Orc:4)
  A giant frog (D:15)
  An orc wizard (Orc:2)
  An adder (Lair:8)
  A shadow imp (D:11)
  4 orcs
  A giant newt (D:7)
  8 fungi
  16 plants
  8 toadstools (Lair:6)
51 creatures vanquished.

Grand Total: 1135 creatures vanquished

Notes
Turn   | Place    | Note
--------------------------------------------------------------
     0 | D:1      | inmateoo the Vine Stalker Necromancer began the quest for the Orb.
     0 | D:1      | Reached XP level 1. HP: 9/9 MP: 4/4
   108 | D:1      | Reached XP level 2. HP: 10/13 MP: 3/6
   113 | D:1      | Reached skill level 1 in Unarmed Combat
   212 | D:1      | Reached XP level 3. HP: 6/17 MP: 3/7
   751 | D:2      | Reached skill level 1 in Fighting
   943 | D:2      | Found a sacrificial altar of Ru.
   963 | D:2      | Reached XP level 4. HP: 17/22 MP: 5/8
   987 | D:2      | Became a worshipper of Ru the Awakened
  1084 | D:2      | Noticed Ijyb
  1118 | D:2      | Killed Ijyb
  1118 | D:2      | Reached XP level 5. HP: 20/25 MP: 9/9
  1283 | D:3      | Found a radiant altar of Vehumet.
  1392 | D:3      | Found a sacrificial altar of Ru.
  1583 | D:3      | Reached skill level 1 in Armour
  1589 | D:3      | Gained mutation: You heal very quickly. [Vine Stalker growth]
  1589 | D:3      | Reached XP level 6. HP: 21/30 MP: 10/10
  2241 | D:4      | Noticed Edmund
  2364 | D:3      | Killed Edmund
  2380 | D:4      | Reached XP level 7. HP: 23/36 MP: 9/11
  2410 | D:4      | Noticed WildSam's ghost (amateur VSNe)
  2723 | D:4      | Gained mutation: You cannot drink potions while threatened. [Ru sacrifice]
  2723 | D:4      | Reached * piety under Ru
  2795 | D:3      | Reached skill level 1 in Maces & Flails
  2950 | D:4      | Noticed Natasha
  2957 | D:4      | Killed Natasha
  3082 | D:4      | Found a deep blue altar of Sif Muna.
  3157 | D:4      | Noticed Natasha
  3168 | D:4      | Killed Natasha
  3284 | D:4      | Noticed Natasha
  3288 | D:4      | Killed Natasha
  3297 | D:4      | Learned a level 3 spell: Regeneration
  3529 | D:4      | Killed WildSam's ghost
  3529 | D:4      | Gained mutation: You have razor-sharp teeth. [Vine Stalker growth]
  3529 | D:4      | Reached XP level 8. HP: 11/42 MP: 4/12
  3616 | D:5      | Entered Level 5 of the Dungeon
  3616 | D:5      | Noticed Eustachio
  3720 | D:5      | Killed Eustachio
  3983 | D:5      | Found a staircase to the Ecumenical Temple.
  4184 | D:5      | Noticed Menkaure
  4192 | D:5      | Killed Menkaure
  4192 | D:5      | Reached skill level 1 in Shields
  4228 | D:5      | Found a glowing drain.
  4235 | Sewer    | Entered a sewer
  4728 | Sewer    | Gained mutation: You are hated by all. [Ru sacrifice]
  4728 | Sewer    | Reached ** piety under Ru
  4998 | D:5      | Reached XP level 9. HP: 35/46 MP: 10/13
  5197 | D:6      | Reached skill level 5 in Maces & Flails
  5197 | D:6      | Reached skill level 5 in Dodging
  5503 | D:6      | Reached skill level 5 in Fighting
  5749 | D:6      | Found a glowing golden altar of the Shining One.
  6099 | D:7      | Noticed Pikel
  6111 | D:7      | Killed Pikel
  6111 | D:7      | Reached skill level 6 in Maces & Flails
  6111 | D:7      | Reached XP level 10. HP: 51/51 MP: 14/14
  6225 | D:7      | Found a burning altar of Makhleb.
  6226 | D:7      | Found a shattered altar of Ashenzari.
  6232 | D:7      | Found an iron altar of Okawaru.
  6232 | D:7      | Found a bloodstained altar of Trog.
  6232 | D:7      | Found an ancient bone altar of Kikubaaqudgha.
  6234 | D:7      | Found a sparkling altar of Nemelex Xobeh.
  6556 | D:7      | Found a shattered altar of Ashenzari.
  6866 | D:8      | Noticed a red ugly thing
  6959 | D:8      | Killed a red ugly thing
  6959 | D:8      | Reached skill level 7 in Maces & Flails
  7018 | D:8      | Gained mutation: You are dopey. (Int -2) [Ru sacrifice]
  7669 | D:8      | Found a deep blue altar of Sif Muna.
  7879 | D:9      | Found a shattered altar of Ashenzari.
  7907 | D:9      | Gained mutation: You are partially covered in rough black scales (AC +4, Dex -1). [potion of mutation]
  7907 | D:9      | Gained mutation: You have sharp toenails. [potion of mutation]
  7907 | D:9      | Gained mutation: You are very dopey. (Int -4) [potion of mutation]
  7948 | D:9      | Reached skill level 5 in Armour
  7986 | D:9      | Gained mutation: You have a pair of small horns on your head. [mutagenic meat]
  7987 | D:9      | Gained mutation: You tend to lose your temper in combat. [mutagenic meat]
  7988 | D:9      | Gained mutation: You can spit weak poison. [mutagenic meat]
  7989 | D:9      | Gained mutation: Your magical capacity is low (-10% MP). [mutagenic meat]
  7990 | D:9      | Gained mutation: Your muscles are strong. (Str +2) [mutagenic meat]
  8020 | D:9      | Noticed George's ghost (novice GrFi)
  8034 | D:9      | Identified the Tome of Cloudy Conjuration (You found it on level 9 of the Dungeon)
  8036 | D:9      | Found a blossoming altar of Fedhas.
  8275 | D:8      | Reached skill level 8 in Maces & Flails
  8277 | D:8      | Reached XP level 11. HP: 51/58 MP: 10/13
  8375 | D:9      | Found a staircase to the Orcish Mines.
  8729 | D:9      | Gained mutation: You cannot be stealthy. [Ru sacrifice]
  8729 | D:9      | Reached *** piety under Ru
  8747 | D:10     | Entered Level 10 of the Dungeon
  8766 | D:10     | Reached skill level 5 in Shields
  8936 | D:10     | Gained mutation: Your body sometimes deteriorates upon taking damage. [mutagenic meat]
  8942 | D:10     | Gained mutation: Scrolls take you a little longer to read. [mutagenic meat]
  8943 | D:10     | Gained mutation: You are partially covered in iridescent scales (AC +4). [mutagenic meat]
  8944 | D:10     | Lost mutation: You have sharp toenails. [mutagenic meat]
  8959 | D:10     | Gained mutation: You are partially covered in yellow scales (AC +2). [mutagenic meat]
  8962 | D:10     | Lost mutation: You tend to lose your temper in combat. [mutagenic meat]
  8963 | D:10     | Gained mutation: You have a pair of horns on your head. [mutagenic meat]
  9462 | D:10     | You fall through a shaft for 2 floors!
  9555 | D:12     | Reached skill level 9 in Maces & Flails
  9814 | D:12     | Noticed a hill giant
  9826 | D:12     | Killed a hill giant
  9970 | D:12     | Noticed a hill giant
  9982 | D:12     | Killed a hill giant
  9982 | D:12     | Gained mutation: You regenerate. [Vine Stalker growth]
  9982 | D:12     | Reached XP level 12. HP: 63/63 MP: 14/14
 10455 | D:13     | Noticed a vault guard
 10455 | D:13     | Noticed a vault guard
 10455 | D:13     | Noticed a vault guard
 10456 | D:13     | Noticed a vault guard
 10456 | D:13     | Found a gate to the Vaults.
 10456 | D:13     | Noticed a vault guard
 10456 | D:13     | Noticed a vault guard
 10457 | D:13     | Noticed a vault guard
 10457 | D:13     | Noticed a vault guard
 10672 | D:12     | Reached skill level 10 in Maces & Flails
 10961 | D:11     | Gained mutation: You cannot train Armour skill. [Ru sacrifice]
 10961 | D:11     | Reached **** piety under Ru
 10961 | D:11     | Reached ***** piety under Ru
 11136 | D:11     | Found a staircase to the Lair.
 11371 | D:11     | Found an opulent altar of Gozag.
 11964 | D:11     | Reached XP level 13. HP: 61/69 MP: 11/15
 12081 | Lair:1   | Entered Level 1 of the Lair of Beasts
 12233 | Lair:1   | Noticed lucasterio's ghost (journeyman MiBe)
 12238 | Lair:1   | Noticed Noname's ghost (journeyman VSSk)
 12250 | Lair:1   | Killed lucasterio's ghost
 12261 | Lair:1   | Killed Noname's ghost
 12261 | Lair:1   | Reached skill level 11 in Maces & Flails
 12344 | Lair:1   | Noticed Joseph
 12355 | Lair:1   | Killed Joseph
 12356 | Lair:1   | Noticed Medar's ghost (novice TeWz)
 12385 | Lair:1   | Killed Medar's ghost
 12402 | Lair:1   | Lost mutation: Your muscles are strong. (Str +2) [Ru sacrifice]
 12402 | Lair:1   | Gained mutation: You are weak. (Str -2) [Ru sacrifice]
 14280 | Lair:3   | Found a staircase to the Snake Pit.
 14889 | Lair:4   | Reached skill level 1 in Charms
 15789 | Lair:5   | Found a staircase to the Swamp.
 15885 | Lair:5   | Gained mutation: You are very weak. (Str -4) [Ru sacrifice]
 16222 | Lair:5   | Reached XP level 14. HP: 75/75 MP: 17/17
 16517 | Lair:5   | Reached skill level 5 in Necromancy
 16755 | Lair:6   | Noticed Kirke
 16764 | Lair:7   | Reached skill level 12 in Maces & Flails
 17006 | Lair:7   | Found a viscous altar of Jiyva.
 17007 | Lair:7   | Found a staircase to the Slime Pits.
 17220 | Lair:7   | Gained mutation: You cannot study or cast Earth magic. [Ru sacrifice]
 17220 | Lair:7   | Gained mutation: You cannot study or cast Hexes magic. [Ru sacrifice]
 17220 | Lair:7   | Gained mutation: You cannot study or cast Translocations magic. [Ru sacrifice]
 17220 | Lair:7   | Reached ****** piety under Ru
 17472 | Lair:7   | Reached skill level 10 in Dodging
 17753 | Lair:8   | Entered Level 8 of the Lair of Beasts
 18075 | Lair:8   | Lost mutation: You are partially covered in yellow scales (AC +2). [potion of cure mutation]
 18075 | Lair:8   | Lost mutation: Your magical capacity is low (-10% MP). [potion of cure mutation]
 18075 | Lair:8   | Lost mutation: You have a pair of horns on your head. [potion of cure mutation]
 18075 | Lair:8   | Lost mutation: Your body sometimes deteriorates upon taking damage. [potion of cure mutation]
 18075 | Lair:8   | Lost mutation: You can spit weak poison. [potion of cure mutation]
 18075 | Lair:8   | Lost mutation: Scrolls take you a little longer to read. [potion of cure mutation]
 18076 | Lair:8   | Identified a +0 rod of destruction (13/13) (You found it on level 8 of the Lair of Beasts)
 18272 | Lair:8   | Learned a level 2 spell: Repel Missiles
 18587 | Lair:8   | Reached skill level 1 in Evocations
 18955 | Lair:8   | Reached skill level 5 in Spellcasting
 19225 | Lair:8   | Reached XP level 15. HP: 78/80 MP: 23/23
 19547 | Lair:8   | Got a pair of jewelled boots
 19558 | Lair:8   | Identified the +5 pair of boots of the King of Wands {*Drain rCorr Str+9 Stlth-} (You found it on level 8 of the Lair of Beasts)
 19861 | Lair:6   | Killed Kirke
 20160 | Lair:6   | Reached skill level 5 in Charms
 20175 | Lair:6   | Lost mutation: You have a pair of small horns on your head. [helix card]
 20175 | Lair:6   | Gained mutation: You are resistant to hostile enchantments. [helix card]
 20651 | Orc:1    | Entered Level 1 of the Orcish Mines
 20651 | Orc:1    | Found a roughly hewn altar of Beogh.
 20888 | Orc:1    | Found Cez Dio's Weapon Shoppe.
 21032 | Orc:2    | Noticed Fannar
 21050 | Orc:2    | Killed Fannar
 21109 | Orc:2    | Noticed Sonja
 21114 | Orc:2    | Killed Sonja
 21173 | Orc:2    | Found Witeego's Jewellery Boutique.
 21205 | Orc:2    | Noticed Harold
 21230 | Orc:2    | Killed Harold
 21251 | Orc:2    | Bought an uncursed ring of see invisible for 210 gold pieces
 22075 | Orc:4    | Entered Level 4 of the Orcish Mines
 22289 | Orc:4    | Noticed Josephine
 22322 | Orc:4    | Killed Josephine
 22322 | Orc:4    | Reached skill level 13 in Maces & Flails
 22458 | Orc:4    | Found a staircase to the Elven Halls.
 23199 | Orc:4    | Found Samuy's Antique Armour Boutique.
 23199 | Orc:4    | Found Emmiex's Magic Scroll Boutique.
 23200 | Orc:4    | Found Jerats's Food Shop.
 23200 | Orc:4    | Found Agirut's Book Boutique.
 23207 | Orc:4    | Bought a scroll of blinking for 120 gold pieces
 23207 | Orc:4    | Bought a scroll of blinking for 120 gold pieces
 23228 | Orc:4    | Bought a shimmering helmet for 294 gold pieces
 23228 | Orc:4    | Identified the cursed +0 helmet of Xyohiheidgh {rElec rC- rCorr Str+4} (You bought it in a shop on level 4 of the Orcish Mines)
 23238 | Orc:4    | Bought a scroll of teleportation for 48 gold pieces
 23238 | Orc:4    | Bought a scroll of fear for 56 gold pieces
 23238 | Orc:4    | Bought a scroll of identify for 32 gold pieces
 23238 | Orc:4    | Bought a scroll of enchant weapon for 120 gold pieces
 23238 | Orc:4    | Bought a scroll of remove curse for 48 gold pieces
 23238 | Orc:4    | Bought a scroll of identify for 32 gold pieces
 23238 | Orc:4    | Bought a scroll of remove curse for 48 gold pieces
 23239 | Orc:4    | Bought a book of the Sky for 975 gold pieces
 23256 | Orc:4    | Learned a level 6 spell: Deflect Missiles
 23266 | Orc:4    | Learned a level 9 spell: Tornado
 23366 | Orc:3    | Reached skill level 10 in Fighting
 23706 | D:13     | Killed a vault guard
 23706 | D:13     | Reached skill level 1 in Air Magic
 23719 | D:13     | Killed a vault guard
 23736 | D:13     | Killed a vault guard
 23749 | D:13     | Killed a vault guard
 23801 | D:13     | Killed a vault guard
 23824 | D:13     | Killed a vault guard
 23923 | D:13     | Killed a vault guard
 23950 | D:13     | Killed a vault guard
 24110 | D:13     | Reached XP level 16. HP: 85/85 MP: 26/26
 24120 | D:13     | Gained mutation: Scrolls take you a little longer to read. [mutagenic meat]
 25007 | D:15     | Entered Level 15 of the Dungeon
 25370 | D:15     | Found a staircase to the Depths.
 25592 | D:15     | Found a viscous altar of Jiyva.
 26040 | Swamp:1  | Entered Level 1 of the Swamp
 26801 | Swamp:2  | Noticed a thorn hunter
 26811 | Swamp:2  | Killed a thorn hunter
 26868 | Swamp:2  | Reached skill level 14 in Maces & Flails
 26871 | Swamp:2  | Found a frozen archway.
 26880 | IceCv    | Entered an ice cave
 27218 | IceCv    | Demolished by an iron troll simulacrum

Action                   |  1- 3 |  4- 6 |  7- 9 | 10-12 | 13-15 | 16-18 || total
-------------------------+-------+-------+-------+-------+-------+-------++-------
Melee: Short sword       |   157 |   292 |       |       |       |       ||   449
       Unarmed           |     5 |       |       |       |       |       ||     5
       Flail             |       |     5 |   196 |     4 |       |       ||   205
       Whip              |       |       |   263 |   954 |  2648 |   581 ||  4446
       Falchion          |       |       |     7 |       |       |       ||     7
 Cast: Pain              |       |       |     1 |       |       |       ||     1
       Repel Missiles    |       |       |       |       |     4 |     2 ||     6
Invok: Sacrifice Drink   |       |       |     1 |       |       |       ||     1
       Sacrifice Love    |       |       |     1 |       |       |       ||     1
       Sacrifice Purity  |       |       |       |     1 |     2 |       ||     3
       Sacrifice Stealth |       |       |       |     1 |       |       ||     1
       Sacrifice Durabil |       |       |       |     1 |       |       ||     1
       Reject Sacrifices |       |       |       |       |     1 |       ||     1
       Sacrifice Arcana  |       |       |       |       |     1 |       ||     1
       Power Leap        |       |       |       |       |     1 |       ||     1
Evoke: Wand              |       |       |     8 |     7 |     2 |     7 ||    24
       Deck              |       |       |       |     1 |     5 |       ||     6
  Use: Scroll            |       |     6 |    11 |     7 |    15 |     3 ||    42
       Potion            |       |       |     1 |     3 |     7 |     1 ||    12
 Stab: Distracted        |       |       |     1 |     4 |    13 |     5 ||    23
       Confused          |       |       |     1 |       |     1 |       ||     2
       Invisible         |       |       |     2 |    14 |    25 |     6 ||    47
       Paralysed         |       |       |       |       |    12 |     2 ||    14
  Eat: Chunk             |       |     4 |    13 |    34 |    30 |     3 ||    84
       Royal jelly       |       |     1 |       |       |     3 |       ||     4
       Beef jerky        |       |       |       |     3 |     6 |       ||     9
       Pizza             |       |       |       |       |       |     7 ||     7
